Map: Dreamcatcher LE

Players

Sketchaphone

  • Race: Zerg Zerg
  • League: Gold
  • Spawn Location: 11:00

JayKay - Winner!

  • Race: Protoss Protoss
  • League: Platinum
  • Spawn Location: 5:00

VOD

Have the link to the VOD?

Description

Time

  • Played on: Nov. 10, 2018, 12:48 p.m.
  • Length: 8:53
Show
View Real Time Build Order
Export as new Build Order

Sketchaphone Zerg 

Build Orders: Hatch First 

Get SALT Encoding   

  12  0:01  Drone  
  13  0:15  Overlord  
  13  0:17  Drone  
  14  0:34  Drone x2  
  16  0:40  Drone  
  18  0:57  Drone  
  18  1:00  Hatchery  
  17  1:12  Spawning Pool  
  16  1:19  Drone  
  17  1:26  Drone  
  17  1:30  Drone  
  17  1:31  Drone  
  20  1:43  Overlord  
  20  1:53  Overlord  
  20  1:57  Extractor  
  19  2:06  Drone  
  19  2:07  Queen  
  22  2:18  Overlord  
  22  2:20  Drone  
  23  2:24  Queen  
  23  2:25  Drone x2  
  27  2:36  Drone x2  
  29  2:49  Drone  
  30  2:58  Drone  
  30  2:59  Drone x2  
  32  3:08  Hatchery  
  32  3:12  Zergling x2  
  32  3:13  Metabolic Boost  
  32  3:14  Zergling x2  
  32  3:18  Drone  
  34  3:22  Drone  
  34  3:24  Overlord  
  35  3:32  Queen  
  35  3:33  Drone x2  
  39  3:42  Overlord x2  
  39  3:43  Drone x2  
  39  3:48  Overlord  
  41  3:50  Drone  
  41  3:51  Drone  
  43  3:59  Overlord, Drone  
  43  4:00  Drone  
  45  4:13  Zergling x4  
  45  4:14  Overlord, Drone x2  
  48  4:26  Overlord  
  48  4:29  Drone x3  
  51  4:32  Drone x2  
  51  4:33  Drone  
  51  4:35  Overlord  
  54  4:54  Overlord  
  54  4:55  Drone x2  
  54  4:56  Drone x2  
  54  4:57  Hatchery  
  56  5:00  Zergling x10  
  56  5:04  Drone x2  
  63  5:14  Drone x2  
  63  5:15  Roach Warren  
  63  5:18  Queen  
  66  5:48  Overlord  
  66  5:51  Zergling x2  
  66  5:52  Zergling x26  
  78  6:05  Spine Crawler  
  78  6:07  Spine Crawler  
  78  6:08  Spine Crawler, Roach x3  
  78  6:09  Spine Crawler  
  80  6:12  Spine Crawler, Lair  
  80  6:13  Pneumatized Carapace  
  80  6:14  Roach x4  
  71  6:39  Zergling x24  
  73  6:42  Zergling x2  
  73  6:45  Queen, Drone  
  70  6:51  Spawning Pool  
  59  6:56  Queen  
  52  7:08  Zergling x16  
  45  7:25  Drone x2  
  45  7:26  Overlord x3  
  38  7:30  Hatchery  
  24  7:49  Zergling x10  
  21  7:58  Drone x2  
  21  7:59  Drone  
  24  8:05  Drone  
  24  8:06  Drone  
  25  8:14  Zergling x4  
  27  8:25  Spawning Pool  
Show
View Real Time Build Order
Export as new Build Order

JayKay Protoss - Winner!

Build Orders:  

Get SALT Encoding   

  12  0:01  Probe  
  13  0:13  Probe  
  14  0:20  Pylon  
  14  0:26  Probe  
  15  0:36  Probe  
  15  0:41  Gateway  
  16  0:44  Probe  
  17  0:52  Probe  
  17  0:55  Pylon  
  18  1:04  Probe  
  18  1:06  Assimilator  
  19  1:16  Probe  
  20  1:28  Probe  
  20  1:29  Cybernetics Core  
  21  1:40  Zealot, Probe  
  21  1:44  Assimilator  
  24  1:52  Probe  
  25  1:57  Forge  
  25  2:00  Pylon  
  25  2:04  Probe, Warp Gate  
  26  2:15  Stalker  
  26  2:22  Protoss Ground Weapons Level 1  
  28  2:25  Gateway  
  28  2:55  Nexus  
  28  3:13  Robotics Facility  
  28  3:15  Gateway  
  28  3:24  Stalker  
  30  3:55  Pylon  
  30  3:58  Immortal  
  34  4:04  Zealot  
  34  4:05  Zealot  
  38  4:10  Probe  
  38  4:14  Pylon  
  39  4:23  Pylon  
  39  4:27  Stalker, Zealot  
  39  4:30  Observer  
  44  4:41  Stalker  
  46  4:50  Stalker  
  48  4:53  Stalker  
  48  4:54  Warp Prism  
  52  5:13  Stalker  
  54  5:18  Probe  
  55  5:25  Pylon  
  55  5:29  Stalker  
  55  5:31  Sentry  
  59  6:12  Stalker x3  
  57  6:47  Stalker x3  
  63  7:12  Zealot x3  
  66  7:36  Zealot x2  
  70  7:39  Zealot  
  57  8:04  Stalker x2  
  57  8:05  Stalker  
  57  8:28  Zealot  
  57  8:29  Zealot x2  
  63  8:45  Pylon  
Tags
 
Matchup
PvZ
Replay Pack
init
Spawn Locations
Cross Positions
Add a new tag
Caveats
  • Supply blocks, unpowered buildings, or Contaminate may cause inaccurate times.
  • Supply counts are checked every 10 seconds.